 Dungeon Crawl Stone Soup version 0.24.0-41-g2ae2f7f1be (webtiles) character file.

Game seed: 15194252013600351594, levelgen mode: deterministic

87805 Spriggy the Unseen (level 15, 0/77 HPs)
             Began as a Spriggan Enchanter on Dec 12, 2019.
             Was an Initiate of Gozag.
             Killed by the raging water
             ... invoked by a water nymph
              (22 damage)
             ... on level 1 of the Shoals on Dec 13, 2019.
             The game lasted 03:43:19 (47823 turns).

Spriggy the Unseen (Spriggan Enchanter)            Turns: 47823, Time: 03:43:35

Health: 0/77       AC:  6    Str:  4    XL:     15   Next: 44%
Magic:  28/32      EV: 35    Int: 21    God:    Gozag
Gold:   1478       SH:  0    Dex: 28    Spells: 0/39 levels left

rFire    + + .     SeeInvis +   B - +2 dagger (flame)
rCold    + . .     Gourm    .   (shield restricted)
rNeg     + . .     Faith    .   I - +2 robe {rC+ rF+}
rPois    .         Spirit   .   (helmet restricted)
rElec    +         Reflect  .   h - +1 cloak
rCorr    .         Harm     .   (gloves unavailable)
MR       ++++.                  (boots unavailable)
Stlth    ++++......             M - amulet "Dopifuj" {+Rage Int+3 Slay+3}
HPRegen  0.22/turn              Q - ring of Tueshruo {+Inv rElec MR+ Int-3 Dex+9}
MPRegen  0.23/turn              L - ring "Vicrehy" {rF+ rN+ MR+}

@: slow
A: very small, unfitting armour, see invisible, herbivore, speed 3, slow
metabolism 2
a: Potion Petition, Call Merchant, Bribe Branch, Renounce Religion, Evoke
Berserk Rage, Evoke Invisibility


You were on level 1 of the Shoals.
You worshipped Gozag.
Gozag was most pleased with you.
You were very hungry.

You visited 5 branches of the dungeon, and saw 25 of its levels.

You collected 8518 gold pieces.
You spent 2946 gold pieces at shops.
You paid 4094 gold pieces to Gozag.

Inventory:

Hand Weapons
 f - the +6 long sword of the Other Side {speed, Dex+4}
   (You bought it in a shop on level 13 of the Dungeon)

   Attacks with this weapon are significantly faster.
   It affects your dexterity (+4).
 B - a +2 dagger of flaming (weapon)
 O - a +9 hand crossbow of velocity
Missiles
 i - 88 poisoned darts (quivered)
 J - 89 bolts
Armour
 h - a +1 cloak (worn)
 y - a +2 robe of positive energy
 I - a +2 robe of resistance (worn)
Jewellery
 L - the ring "Vicrehy" (right hand) {rF+ rN+ MR+}
   (You found it on level 9 of the Dungeon)

   [ring of positive energy]

   It protects you from fire.
   It protects you from negative energy.
   It affects your resistance to hostile enchantments.
 M - the amulet "Dopifuj" (around neck) {+Rage Int+3 Slay+3}
   (You bought it in a shop on level 2 of the Orcish Mines)

   [amulet of rage]

   It affects your intelligence (+3).
   It affects your accuracy and damage with ranged weapons and melee attacks
   (+3).
   It lets you go berserk.
 Q - the ring of Tueshruo (left hand) {+Inv rElec MR+ Int-3 Dex+9}
   (You found it on level 3 of the Lair of Beasts)

   [ring of protection from magic]

   It affects your intelligence (-3).
   It affects your dexterity (+9).
   It insulates you from electricity.
   It affects your resistance to hostile enchantments.
   It lets you turn invisible.
Wands
 n - a wand of acid (12)
 q - a wand of clouds (12)
 t - a wand of paralysis (20)
 D - a wand of flame (17)
 T - a wand of scattershot (1)
Scrolls
 e - 5 scrolls of fear
 j - a scroll of silence
 k - 2 scrolls of magic mapping
 l - 4 scrolls of teleportation
 m - a scroll of identify
 o - 12 scrolls of remove curse
 s - 3 scrolls of noise
 u - a scroll of fog
 w - a scroll of brand weapon
 A - 2 scrolls of amnesia
 F - 4 scrolls of enchant weapon
 K - 3 scrolls of enchant armour
 N - a scroll of holy word
Potions
 a - 2 potions of agility
 b - 2 potions of curing
 c - 3 potions of haste
 p - 2 potions of resistance
 r - 4 potions of flight
 v - 4 potions of invisibility
 x - a potion of magic {unknown}
 z - 2 potions of brilliance
 C - 5 potions of lignification
 E - 2 potions of cancellation
 G - a potion of mutation
 H - a potion of ambrosia
 P - 2 potions of berserk rage
 R - a potion of heal wounds
Miscellaneous
 g - a fan of gales
 S - a crystal ball of energy
Comestibles
 d - 16 rations


   Skills:
 + Level 8.2 Fighting
 + Level 8.5 Short Blades
 - Level 3.6 Crossbows
 + Level 14.8 Dodging
 + Level 19.4 Stealth
 + Level 12.7 Spellcasting
 - Level 1.7 Conjurations
 - Level 5.5 Hexes
 - Level 0.3 Translocations
 * Level 13.0 Transmutations
 - Level 1.7 Ice Magic
 - Level 2.1 Air Magic
 * Level 12.1 Evocations


You couldn't memorise any spells.
You knew the following spells:

 Your Spells              Type           Power        Failure   Level  Hunger
a - Corona                Hex            #####..      1%          1    None
b - Ensorcelled Hibernat  Hex/Ice        ####..       1%          2    None
c - Confuse               Hex            #####...     1%          3    None
d - Freezing Cloud        Conj/Ice/Air   ###.......   98%         6    #####..
e - Mephitic Cloud        Conj/Pois/Air  ###.....     9%          3    None
f - Blink                 Tloc           N/A          6%          2    None
g - Passage of Golubria   Tloc           N/A          38%         4    None
h - Dragon Form           Tmut           ######....   21%         7    #######
i - Teleport Other        Tloc           ##......     13%         3    None
j - Poisonous Vapours     Pois/Air       ###...       4%          2    None
k - Hydra Form            Tmut           ######....   3%          6    #####..

Your spell library contained the following spells:

 Spells                   Type           Power        Failure   Level  Hunger
 Slow                     Hex            #####...     1%          2    None
 Tukima's Dance           Hex            #####...     1%          3    None
 Magic Dart               Conj           ###.         2%          1    None
 Shock                    Conj/Air       ###.         2%          1    None
 Dazzling Spray           Conj/Hex       ####..       3%          3    None
 Sandblast                Erth           ##....       4%          1    None
 Inner Flame              Hex/Fire       ####....     4%          3    None
 Portal Projectile        Hex/Tloc       ####..       4%          3    None
 Cause Fear               Hex            #####.....   4%          4    None
 Irradiate                Conj/Tmut      #####.....   6%          5    ####...
 Shroud of Golubria       Chrm/Tloc      ##....       7%          2    None
 Call Imp                 Summ           ##......     8%          2    None
 Conjure Flame            Conj/Fire      ###.....     11%         3    None
 Stone Arrow              Conj/Erth      ###...       11%         3    None
 Gell's Gravitas          Tloc           ##........   13%         3    None
 Lesser Beckoning         Tloc           ##........   13%         3    None
 Leda's Liquefaction      Hex/Erth       ####......   16%         4    None
 Statue Form              Tmut/Erth      #####....    45%         6    #####..
 Conjure Ball Lightning   Conj/Air       ###.......   98%         6    #####..
 Ring of Flames           Chrm/Fire      ##........   100%        7    #######


Dungeon Overview and Level Annotations

Branches:
Dungeon (15/15)            Temple (1/1) D:7            Lair (6/6) D:11
 Shoals (1/4) Lair:3        Snake (0/4) Lair:3        Slime (0/5) Lair:6
    Orc (2/2) D:10            Elf (0/3) Orc:2        Vaults (0/5) D:14
 Depths (0/5) D:15

Altars:
Ashenzari
Cheibriados
Dithmenos
Elyvilon
Fedhas
Gozag
Hepliaklqana
Kikubaaqudgha
Makhleb
Nemelex Xobeh
Okawaru
Qazlal
Ru
Sif Muna
Trog
Uskayaw
Vehumet
Wu Jian
Xom
Yredelemnul
Zin
The Shining One
Beogh

Shops:
D:4 %   D:9 }   D:10 *   D:13 [=*[(}   D:14 :[   Orc:1 [[?   Orc:2 =[*((
Shoals:1 =

Portals:
Trove: D:12 (give 6 scrolls of blinking)

Annotations:
D:9 Gastronok
D:12 Erolcha
D:14 Azrael
Lair:1 3 runed translucent doors, exclusion: oklob plant, Curus's ghost, journeyman MiBe
Lair:3 2 runed translucent doors, Loywebes's ghost, journeyman MiFi
Lair:5 3 runed translucent doors, Goreval's ghost, journeyman GrEE


Innate Abilities, Weirdness & Mutations

You are very small and have problems with some larger weapons.
You are too small for most types of armour.
You have supernaturally acute eyesight. (SInv)
You are a herbivore.
You cover ground extremely quickly.
You need to consume almost no food.


Message History

The merfolk avatar chants a haunting song.
You resist with almost no effort.
Casting: Ensorcelled Hibernation (safe; 1% risk of failure)
Confirm with . or Enter, or press ? or * to list all spells.
Aiming: Ensorcelled Hibernation (safe; 1% risk of failure)
Press: ? - help, Shift-Dir - straight line, f/p - water nymph
Aim: a water nymph (chance to defeat MR: 4%)
The water nymph resists with almost no effort.
The snapping turtle hisses angrily.
The water nymph points at you and mumbles some strange words.
The water swirls and strikes you!!
The merfolk avatar chants a haunting song.
You resist with almost no effort. The water nymph casts a spell at you.
The water swirls and strikes you!!
* * * LOW HITPOINT WARNING * * *
The water nymph gestures at you while chanting.
The water swirls and strikes you!!
You die...
Your body crumbles into a pile of gold.

≈≈≈≈≈≈≈≈≈≈≈≈≈≈≈.# #.###
≈P≈≈≈≈≈≈≈≈≈≈≈≈≈≈.###....
.≈.m≈≈≈≈≈≈≈≈≈≈≈≈........
#≈≈≈≈≈≈≈≈≈≈≈≈≈≈≈≈.≈..≈≈≈
.≈≈≈m≈≈≈≈≈≈≈≈≈≈≈≈≈≈..≈≈≈
≈≈≈≈≈≈≈≈≈≈≈≈≈≈≈≈≈≈≈≈≈≈≈≈
≈≈≈≈≈≈≈≈≈≈≈≈≈≈≈≈≈≈≈≈≈≈..
≈≈≈≈≈≈≈≈≈≈≈∩≈≈≈≈≈≈≈≈≈≈≈≈
≈≈≈≈≈≈!@m≈≈≈≈≈≈≈≈≈≈≈≈≈≈≈
≈≈≈≈≈≈≈≈≈≈≈≈≈≈≈≈≈≈≈≈≈≈≈≈
≈≈≈≈≈≈≈.≈≈≈≈≈≈≈≈≈≈≈≈≈≈≈≈
≈≈≈≈≈≈≈≈≈≈≈≈≈≈≈≈≈≈≈≈≈≈≈≈
≈≈≈≈≈≈≈≈.t≈≈≈≈≈≈≈≈≈≈≈≈≈≈
..≈≈≈.....≈≈≈≈≈≈≈≈
$≈..≈.....≈≈≈≈≈≈≈
##....##...≈≈≈≈


You could see a merfolk avatar, a snapping turtle and 2 water nymphs.

Vanquished Creatures
  Kirke (D:15)
  An orc warlord (Orc:2)
  An ogre mage (D:9)
  5 hydras
  An ice dragon (D:9)
  Erica (D:11)
  2 death knights
  3 centaur warriors
  2 catoblepae (Lair:6)
  6 two-headed ogres
  10 death yaks
  Urug (Lair:6)
  2 tengu warriors (D:15)
  An orc high priest (Orc:2)
  A sea snake (Shoals:1)
  3 unseen horrors
  2 wizards
  An orange crystal statue (D:10)
  A lindwurm (Lair:6)
  6 orc knights
  A phantasmal warrior (D:13)
  7 orc sorcerers
  2 necromancers
  5 deep elf magi
  A cyclops (D:13)
  6 ugly things
  A wolf spider zombie (D:15)
  4 manticores
  5 slime creatures (D:15)
  2 centaur zombies
  5 black mambas
  A gargoyle (D:15)
  2 torpor snails
  2 yaktaurs (D:15)
  8 spiny frogs
  A kobold demonologist (D:9)
  4 rime drakes
  A freezing wraith (D:12)
  3 komodo dragons
  11 trolls
  A wolf spider simulacrum (D:15)
  2 hornets (Lair:6)
  15 hippogriffs
  23 blink frogs
  A wyvern (D:15)
  2 shadows (D:12)
  4 hogs (D:15)
  A centaur simulacrum (D:14)
  2 vampires
  3 wraiths (D:12)
  6 basilisks
  35 yaks
  A basilisk (shapeshifter) (D:15)
  4 vampire mosquitoes
  4 wargs
  4 hungry ghosts
  6 nagas (Lair:3)
  An acid dragon (D:13)
  A naga (shapeshifter) (D:14)
  12 water moccasins
  A hell hound (D:14)
  2 black bears
  3 porcupines
  31 orc warriors
  2 ice beasts (D:11)
  A phantom (D:6)
  7 sky beasts
  15 ogres
  3 boggarts (D:14)
  11 wolves
  18 centaurs
  2 big kobolds
  5 crocodiles
  15 bullfrogs
  A wyvern zombie (D:13)
  A hornet simulacrum (D:15)
  A wyvern skeleton (D:7)
  6 scorpions
  7 wights (D:10)
  5 killer bees (D:11)
  3 howler monkeys
  3 crimson imps
  3 bullfrog zombies
  5 centaur skeletons
  5 hounds
  10 jellies
  20 orc priests
  Crazy Yiuf (D:6)
  3 bullfrog skeletons
  3 iguanas
  9 worker ants
  24 orc wizards
  2 killer bee zombies
  A howler monkey skeleton (D:9)
  2 worker ant zombies
  6 gnolls
  19 adders
  2 river rats (D:3)
  A shadow imp (D:6)
  12 white imps (D:11)
  9 oozes
  4 adder skeletons
  2 worms
  A dart slug (D:3)
  5 leopard geckos
  107 orcs
  3 ball pythons
  10 bats
  8 giant cockroaches
  10 hobgoblins
  15 jackals
  6 quokkas
  4 frilled lizards
  6 goblins
  10 kobolds
  A quokka skeleton (D:5)
  7 rats
730 creatures vanquished.

Vanquished Creatures (collateral kills)
  A yak (Lair:6)
1 creature vanquished.

Vanquished Creatures (others)
  A human (D:15)
  An orc priest (Orc:2)
  9 fungi (Lair:6)
  17 plants
28 creatures vanquished.

Grand Total: 759 creatures vanquished

Notes
Turn   | Place    | Note
-------+----------+-------------------------------------------
     0 | D:1      | Spriggy the Spriggan Enchanter began the quest for the Orb.
     0 | D:1      | Reached XP level 1. HP: 9/9 MP: 5/5
   322 | D:1      | Reached XP level 2. HP: 13/13 MP: 6/6
   326 | D:1      | Learned a level 2 spell: Ensorcelled Hibernation
  1436 | D:2      | Reached skill level 5 in Stealth
  1436 | D:2      | Reached XP level 3. HP: 16/16 MP: 8/8
  1470 | D:2      | Found a glowing golden altar of the Shining One.
  1503 | D:2      | Found an opulent altar of Gozag.
  1509 | D:2      | Became a worshipper of Gozag Ym Sagoz the Greedy
  1552 | D:2      | Noticed a centaur
  2042 | D:2      | Killed a centaur
  2042 | D:2      | Reached XP level 4. HP: 21/21 MP: 6/10
  2042 | D:2      | Reached XP level 5. HP: 24/24 MP: 6/11
  2793 | D:2      | Reached skill level 6 in Stealth
  3959 | D:3      | Reached skill level 5 in Hexes
  3964 | D:3      | Reached skill level 5 in Dodging
  3998 | D:3      | Found a shadowy altar of Dithmenos.
  4219 | D:3      | Reached XP level 6. HP: 28/28 MP: 5/13
  4593 | D:3      | Reached skill level 1 in Evocations
  4906 | D:3      | Found a glowing silver altar of Zin.
  5089 | D:4      | Reached skill level 7 in Stealth
  5180 | D:4      | Found a sacrificial altar of Ru.
  5300 | D:3      | Learned a level 3 spell: Confuse
  5391 | D:4      | Found Hiotohif's Food Emporium.
  5397 | D:4      | Bought a ration for 55 gold pieces
  5416 | D:4      | Found a snail-covered altar of Cheibriados.
  5418 | D:4      | Found an iron altar of Okawaru.
  6149 | D:4      | Reached XP level 7. HP: 32/32 MP: 15/15
  6215 | D:4      | Reached skill level 8 in Stealth
  6215 | D:4      | Reached skill level 5 in Spellcasting
  6396 | D:5      | Entered Level 5 of the Dungeon
  6418 | D:5      | Found a blossoming altar of Fedhas.
  7722 | D:5      | Reached skill level 1 in Fighting
  8008 | D:5      | Reached skill level 9 in Stealth
  8059 | D:5      | Reached XP level 8. HP: 36/37 MP: 12/17
  8590 | D:6      | Found a basalt altar of Yredelemnul.
  8859 | D:6      | Found a stormy altar of Qazlal.
  8879 | D:6      | Found a runed translucent door.
  8880 | D:6      | Noticed Crazy Yiuf
  8982 | D:6      | Reached skill level 10 in Stealth
  9145 | D:6      | Killed Crazy Yiuf
  9311 | D:7      | Found a hide-covered altar of Uskayaw.
  9626 | D:7      | Found a staircase to the Ecumenical Temple.
  9904 | Temple   | Entered the Ecumenical Temple
 10169 | D:8      | Reached XP level 9. HP: 43/43 MP: 19/19
 10174 | D:8      | Reached skill level 11 in Stealth
 10813 | D:8      | Noticed a two-headed ogre
 10844 | D:8      | Killed a two-headed ogre
 10844 | D:8      | Reached skill level 12 in Stealth
 11074 | D:8      | You fall into a shaft and drop 2 floors!
 11074 | D:10     | Entered Level 10 of the Dungeon
 11082 | D:10     | Found a roughly hewn altar of Beogh.
 11082 | D:10     | Found a staircase to the Orcish Mines.
 11641 | D:9      | Found Ducsori's Gadget Emporium.
 11719 | D:9      | Noticed a troll
 11762 | D:9      | Killed a troll
 11787 | D:9      | Reached skill level 5 in Short Blades
 11787 | D:9      | Reached skill level 13 in Stealth
 11787 | D:9      | Reached XP level 10. HP: 49/49 MP: 3/22
 12078 | D:9      | Noticed an orc sorcerer
 12081 | D:9      | Noticed a deep elf mage
 12083 | D:9      | Killed an orc sorcerer
 12614 | D:9      | Noticed Gastronok
 12965 | D:9      | Noticed an ogre mage
 12966 | D:9      | Noticed an ice dragon
 12969 | D:9      | Killed an ogre mage
 12969 | D:9      | Reached skill level 10 in Dodging
 12969 | D:9      | Reached skill level 14 in Stealth
 12972 | D:9      | Killed an ice dragon
 12977 | D:9      | Identified the Tome of Ashen Lightness
 12984 | D:9      | Got a scorched turquoise ring
 12994 | D:9      | Identified the ring "Vicrehy" {rF+ rN+ MR+} (You found it
                  | on level 9 of the Dungeon)
 13023 | D:9      | Learned a level 6 spell: Freezing Cloud
 13027 | D:9      | Learned a level 3 spell: Mephitic Cloud
 14754 | D:10     | Found Cuoqam's Commerce Corner.
 15377 | D:9      | Reached XP level 11. HP: 41/54 MP: 18/25
 15787 | D:10     | Reached skill level 1 in Crossbows
 15838 | D:10     | Reached skill level 15 in Stealth
 15838 | D:10     | Reached skill level 1 in Air Magic
 16046 | D:10     | Reached skill level 5 in Fighting
 16078 | D:10     | Reached skill level 1 in Conjurations
 16225 | D:10     | Noticed an orange crystal statue
 16240 | D:10     | Noticed a cyan ugly thing
 16997 | D:10     | Killed an orange crystal statue
 16997 | D:10     | Reached skill level 1 in Ice Magic
 17214 | D:11     | Noticed Erica
 17223 | D:11     | Killed Erica
 17229 | D:11     | Found a frozen archway.
 19048 | D:11     | Found a staircase to the Lair.
 19314 | D:12     | Noticed an unseen horror
 20166 | D:12     | Noticed Erolcha
 20207 | D:12     | Reached skill level 16 in Stealth
 20220 | D:12     | Noticed a deep elf mage
 20226 | D:12     | Killed a deep elf mage
 20235 | D:12     | Noticed a purple ugly thing
 20237 | D:12     | Noticed a brown ugly thing
 20662 | D:12     | Killed a brown ugly thing
 20675 | D:12     | Killed a red ugly thing
 20675 | D:12     | Reached XP level 12. HP: 60/60 MP: 9/26
 21009 | D:12     | Found a portal to a secret trove of treasure.
 21254 | D:12     | Reached skill level 10 in Spellcasting
 21729 | D:13     | Learned a level 2 spell: Blink
 21734 | D:13     | Learned a level 4 spell: Passage of Golubria
 21761 | D:13     | Learned a level 7 spell: Dragon Form
 21773 | D:13     | Noticed a two-headed ogre
 21774 | D:13     | Reached skill level 1 in Transmutations
 22267 | D:13     | Noticed a death knight
 22940 | D:13     | Killed a death knight
 23091 | D:13     | Killed a two-headed ogre
 23143 | D:13     | Reached skill level 17 in Stealth
 23533 | D:13     | Reached skill level 5 in Transmutations
 23715 | D:13     | Found Heysh's Armour Shoppe.
 23748 | D:13     | Noticed a four-headed hydra
 23831 | D:13     | Killed a four-headed hydra
 24224 | D:14     | Found Xyuck's Book Emporium.
 24386 | D:14     | Noticed Azrael
 24727 | Lair:1   | Entered Level 1 of the Lair of Beasts
 24868 | Lair:1   | Found a runed translucent gate.
 24868 | Lair:1   | Found a runed translucent gate.
 24868 | Lair:1   | Found a runed translucent gate.
 24870 | Lair:1   | Noticed Curus's ghost (journeyman MiBe)
 24972 | Lair:1   | Learned a level 3 spell: Teleport Other
 25843 | Lair:2   | Reached XP level 13. HP: 65/65 MP: 25/28
 26567 | Lair:3   | Got a scintillating silver ring
 26569 | Lair:3   | Identified the ring of Tueshruo {+Inv rElec MR+ Int-3
                  | Dex+9} (You found it on level 3 of the Lair of Beasts)
 27193 | Lair:3   | Found a staircase to the Snake Pit.
 27609 | Lair:3   | Found a large runed translucent door.
 27610 | Lair:3   | Found a large runed translucent door.
 27611 | Lair:3   | Noticed Loywebes's ghost (journeyman MiFi)
 27675 | Lair:3   | Found a staircase to the Shoals.
 28238 | Lair:4   | Reached skill level 5 in Evocations
 29460 | Lair:5   | Found a runed translucent gate.
 29461 | Lair:5   | Found a runed translucent gate.
 29462 | Lair:5   | Found a runed translucent gate.
 29525 | Lair:4   | Reached skill level 18 in Stealth
 30476 | Lair:5   | Noticed Goreval's ghost (journeyman GrEE)
 30491 | Lair:6   | Entered Level 6 of the Lair of Beasts
 30833 | Lair:6   | Noticed Urug
 30846 | Lair:6   | Killed Urug
 32995 | Lair:6   | Found a staircase to the Slime Pits.
 34113 | Lair:5   | Reached XP level 14. HP: 60/72 MP: 30/30
 34933 | Lair:6   | Reached skill level 10 in Transmutations
 36501 | Lair:6   | Got a steaming wooden ring
 36503 | Lair:6   | Identified the ring "Ynafrat" {rF+ rC+++ Str-2 Slay-2
                  | Stlth+} (You found it on level 6 of the Lair of Beasts)
 36812 | D:10     | Bought a book of Clouds for 630 gold pieces
 36812 | D:10     | Bought a wand of clouds (8) for 504 gold pieces
 36815 | D:10     | Learned a level 2 spell: Poisonous Vapours
 37453 | D:13     | Got a pair of faintly glowing gloves
 37628 | D:13     | Bought an ivory long sword for 255 gold pieces
 37628 | D:13     | Identified the +6 long sword of the Other Side {speed,
                  | Dex+4} (You bought it in a shop on level 13 of the Dungeon)
 38374 | D:14     | Found Yhuur's Antique Armour Boutique.
 38774 | Orc:1    | Entered Level 1 of the Orcish Mines
 39420 | Orc:1    | Found Nuvve's Antique Armour Shop.
 39440 | Orc:1    | Found Henwimn's Magic Scroll Emporium.
 39476 | Orc:1    | Bought 3 scrolls of teleportation for 135 gold pieces
 39476 | Orc:1    | Bought a scroll of teleportation for 45 gold pieces
 39476 | Orc:1    | Bought a scroll of silence for 112 gold pieces
 39476 | Orc:1    | Bought a scroll of identify for 30 gold pieces
 39476 | Orc:1    | Bought a scroll of fog for 30 gold pieces
 39627 | Orc:1    | Reached skill level 10 in Evocations
 39810 | Orc:1    | Found Releoqam's Antique Armour Shop.
 39913 | Orc:2    | Entered Level 2 of the Orcish Mines
 39913 | Orc:2    | Found a radiant altar of Vehumet.
 41613 | Orc:2    | Found a staircase to the Elven Halls.
 41623 | Orc:2    | Found Behamn's Antique Weapon Boutique.
 42063 | Orc:2    | Noticed an orc warlord
 42161 | Orc:2    | Killed an orc warlord
 42991 | Orc:2    | Found a roughly hewn altar of Beogh.
 43045 | Orc:2    | Found Ovoggazu's Antique Weapon Shoppe.
 43049 | Orc:2    | Found Tilie's Antique Armour Shoppe.
 43057 | Orc:2    | Found Tesmash's Jewellery Shoppe.
 43190 | Orc:2    | Reached skill level 19 in Stealth
 43266 | Orc:2    | Found Yxter's General Store.
 43493 | Orc:2    | Bought the amulet "Dopifuj" {+Rage Int+3 Slay+3} for 790
                  | gold pieces
 43936 | D:13     | Bought a wand of scattershot (4) for 360 gold pieces
 44084 | D:14     | Found a sacrificial altar of Ru.
 44308 | D:15     | Entered Level 15 of the Dungeon
 44582 | D:15     | Found a staircase to the Depths.
 44772 | D:15     | Reached XP level 15. HP: 77/77 MP: 17/32
 45359 | D:15     | Found a stormy altar of Qazlal.
 45514 | D:15     | Noticed Kirke
 45572 | D:15     | Killed Kirke
 47145 | D:14     | Found a gate to the Vaults.
 47679 | Shoals:1 | Entered Level 1 of the Shoals
 47687 | Shoals:1 | Learned a level 6 spell: Hydra Form
 47809 | Shoals:1 | Found Motenymn's Jewellery Boutique.
 47823 | Shoals:1 | Killed from afar by a water nymph

Levels and vault maps discovered:
D:1:      scummos_arrival_hexagon, layout_basic
D:2:      layout_basic, overflow_temple_1_default, grunt_gozag_statues,
          wad_orctagon
D:3:      layout_loops_ring, zin_treasury, gup_sewer_entry_bubbles,
          grunt_dithmenos_smoke_and_mirrors
D:4:      layout_basic, kennysheep_mini_moat, lemuel_round_altar,
          cheibriados_altar_1, serial_shops, shop
D:5:      layout_gridville, fedhas_ov_isle_minmay, first_ration, st_stairs_3
D:6:      layout_basic, kennysheep_mini, lemuel_round_altar, serial_glass,
          glass_columns_b, glass_columns_a, uniq_crazy_yiuf_cottage
D:7:      layout_loops_cross, old_standard_altar, temple_fountains,
          serial_rivers, chequers_serial_rivers_micro_e,
          chequers_serial_rivers_room_b, chequers_serial_rivers_micro_d,
          chequers_serial_rivers_micro_a
D:8:      layout_basic
D:9:      minmay_the_grid_plus [minmay_the_grid_minigrid_large,
          minmay_the_grid_small_cups, minmay_the_grid_tri_star,
          minmay_the_grid_medium_cups, minmay_the_grid_prize_diamond_cup],
          layout_cave_pods, serial_shops, shop, hex_large,
          hangedman_little_slice_of_home, uniq_gastronok
D:10:     layout_rooms, david_orc_5, minivault_16, nrook_loot_triangle,
          nicolae_alphabet_shops, minmay_chambers_of_fives
D:11:     layout_basic, david_lair_shrubbed, portal_ice_cave_entry_imps,
          chequers_serial_rivers_micro_c, uniq_erica
D:12:     layout_irregular_city, nicolae_trove_entry_crystal, uniq_erolcha
D:13:     layout_basic, serial_shops, shop
D:14:     layout_small_grid, david_vaults_1, serial_shops, shop_statue,
          nicolae_shop_crystal, nicolae_ru_path_of_blood,
          eino_small_chamber_without_monster, uniq_azrael
D:15:     grunt_enter_depths_magical_seal, layout_basic, grunt_decor_arrowhead,
          nicolae_qazlal_style_of_elements, uniq_kirke
Temple:   minmay_temple_bridge_abc
Lair:1:   layout_chaotic_city, ebering_ghost_rock_garden,
          minmay_lair_oklob_chamber
Lair:2:   layout_cave_pods, chequers_serial_rivers_small_a,
          small_statue_intersection
Lair:3:   layout_roguey, minmay_shoals_entry_centaurs,
          minmay_snake_entry_guardpost_medium, ebering_ghost_disaster_area,
          nicolae_quartered_pool_medium
Lair:4:   layout_regular_city
Lair:5:   layout_loops_ring, gammafunk_ghost_necromancy
Lair:6:   hangedman_lair_in_review, layout_misc_corridors,
          nicolae_slime_entry_slimehenge, uniq_urug
Shoals:1: layout_shoals, serial_shops, shop_coins, shop, shop_statue, shop
Orc:1:    layout_caves, serial_shops, shop_coins, shop,
          nicolae_shop_behind_doors
Orc:2:    grunt_orc_cross, layout_diamond_mine, basic_altar, serial_shops, shop

Skill      XL: |  1  2  3  4  5  6  7  8  9 10 11 12 13 14 15 |
---------------+----------------------------------------------+-----
Spellcasting   | 3 4 5 6 7 9 10 11 12 | 12.7
Stealth        | 5 6 7 9 10 13 14 16 17 18 19 | 19.4
Hexes          | 4 5 |  5.5
Dodging        | 4 5 6 7 9 10 11 12 13 14 | 14.8
Evocations     | 2 3 8 11 12 | 12.1
Fighting       | 1 2 3 4 5 6 7 8 |  8.2
Short Blades   | 3 5 6 7 8 |  8.5
Crossbows      | 3 |  3.6
Air Magic      | 2 |  2.1
Conjurations   | 1 |  1.7
Ice Magic      | 1 |  1.7
Transmutations | 6 9 12 13 | 13.0
Translocations | |  0.3

Action                   |  1- 3 |  4- 6 |  7- 9 | 10-12 | 13-15 || total
-------------------------+-------+-------+-------+-------+-------++-------
Melee: Dagger            |    89 |   179 |   279 |   599 |   409 ||  1555
       Long sword        |       |       |       |       |    46 ||    46
 Fire: Hand crossbow     |       |       |       |   204 |   445 ||   649
Throw: Dart              |     4 |     6 |       |    39 |   181 ||   230
 Cast: Corona            |     1 |       |       |       |       ||     1
       Ensorcelled Hiber |    23 |    88 |    86 |   206 |   511 ||   914
       Confuse           |       |     5 |     5 |    47 |    22 ||    79
       Mephitic Cloud    |       |       |       |       |    15 ||    15
       Poisonous Vapours |       |       |       |       |     6 ||     6
       Blink             |       |       |       |       |     3 ||     3
       Teleport Other    |       |       |       |       |     1 ||     1
Invok: Call Merchant     |       |       |       |       |     5 ||     5
       Potion Petition   |       |       |       |       |     1 ||     1
 Abil: Evoke Invisibilit |       |       |       |       |     1 ||     1
Evoke: Wand              |       |     5 |       |     7 |    34 ||    46
       Fan of gales      |       |       |       |     1 |       ||     1
       Sack of spiders   |       |       |       |       |     1 ||     1
  Use: Potion            |       |       |     4 |       |     5 ||     9
       Scroll            |       |       |    15 |    15 |    12 ||    42
 Stab: Sleeping          |    16 |    55 |    57 |   115 |   186 ||   429
       Distracted        |     1 |       |     2 |     9 |    18 ||    30
       Confused          |       |       |     1 |    20 |    15 ||    36
       Invisible         |       |       |       |       |     4 ||     4
  Eat: Ration            |       |     3 |     3 |     8 |    10 ||    24
Armor: Robe              |     7 |    18 |    11 |    37 |    26 ||    99
Dodge: Dodged            |    67 |   148 |   222 |   606 |   871 ||  1914
       Rpst.: Long sword |       |       |       |       |    10 ||    10
